cohdb
Replays
Latest Replays
All Replays
Popular Replays
Top Player Replays
Match Explorer
How It Works
Community
CoH3 Stats
Reddit
Sign in to upload your games and track your stats! →
Sign in with Steam
Match 44249120
Unlisted
Match 44249120
Overview
Messages
Build Orders
End
Selects Italian Combined Arms Battlegroup
Selects Bersaglieri Squad
Bersaglieri Squad
Kradschützen Motorcycle Team
Bersaglieri Squad
Bersaglieri Squad
Construct Light Support Kompanie
Bersaglieri Squad
Selects Bersaglieri Bolster
Construct Mechanized Kompanie
Panzerjäger Mechanized Group
Selects Breda Model 30 Light Machine Guns
8 Rad Armored Car
Bersaglieri Squad
Selects Semovente da 75/18 Assault Gun
Selects Strafing Run
8 Rad Armored Car
Marder III Tank Destroyer
Veteran Squad Leaders
Selects Artillery Cover
8 Rad Armored Car
Vehicle Survival Package
Symbiosis
*Mule
Rei
Nicko
0
0
Comments
sign in to comment!
No comments posted yet!